 Dungeon Crawl Stone Soup version 0.24-a0-269-g32ec7ca (webtiles) character file.

Game seed: 1419908630412537665

9851 gruber the Thaumaturge (level 11, -1/72 HPs)
             Began as an Octopode Fire Elementalist on Apr 22, 2019.
             Was a Priest of Vehumet.
             Slain by a death yak (25 damage)
             ... on level 8 of the Dungeon.
             The game lasted 00:24:26 (9634 turns).

gruber the Thaumaturge (Octopode Fire Elementalist) Turns: 9634, Time: 00:24:27

Health: -1/72      AC:  5    Str: 16    XL:     11   Next: 53%
Magic:  10/25      EV: 13    Int: 20    God:    Vehumet [***...]
Gold:   630        SH:  5    Dex: 11    Spells: 15/30 levels left

rFire    + + +     SeeInvis .   D - +6 short sword (elec)
rCold    x . .     Gourm    .   t - +0 buckler
rNeg     + . .     Faith    .   A - +0 hat of Lethargy {rF++ Str+7 Dex-4} (curse)
rPois    .         Spirit   .   (no amulet)
rElec    .         Reflect  .   l - ring of wizardry
rCorr    +         Harm     .   m - ring of resist corrosion
MR       .....                  p - +4 ring of protection
Stlth    +++.......             s - ring of wizardry
HPRegen  0.22/turn              x - +3 ring of dexterity
MPRegen  0.19/turn              J - ring of fire
                                H - ring of positive energy
                                (no ring)

@: no status effects
A: almost no armour, stealthy swim, amphibious, 8 rings, constrict 8, camouflage
1, gelatinous body 1
a: Renounce Religion


You were on level 8 of the Dungeon.
You worshipped Vehumet.
Vehumet was most pleased with you.
You were not hungry.

You visited 1 branch of the dungeon, and saw 9 of its levels.

You collected 630 gold pieces.

Inventory:

Hand Weapons
 a - a +2 dagger of venom
 o - a +0 blowgun
 D - a +6 short sword of electrocution (weapon)
Missiles
 q - a throwing net (quivered)
 v - 68 poisoned needles
Armour
 t - a +0 buckler (worn)
 A - the cursed +0 hat of Lethargy (worn) {rF++ Str+7 Dex-4}
   (You found it on level 6 of the Dungeon)

   It affects your strength (+7).
   It affects your dexterity (-4).
   It greatly protects you from fire.
   It has a curse placed upon it.
Magical Staves
 K - an uncursed staff of poison
Jewellery
 l - a ring of wizardry (left tentacle)
 m - a ring of resist corrosion (right tentacle)
 p - a +4 ring of protection (on tentacle)
 s - a ring of wizardry (on tentacle)
 x - a +3 ring of dexterity (on tentacle)
 H - a ring of positive energy (on tentacle)
 J - a ring of fire (on tentacle)
Wands
 r - a wand of disintegration (13)
 y - a wand of paralysis (6)
 F - a wand of flame (18)
 M - a wand of random effects (12)
Scrolls
 c - 4 scrolls of amnesia {unknown}
 d - a scroll of holy word {unknown}
 f - 5 scrolls of remove curse
 g - 2 scrolls of teleportation {unknown}
 h - a scroll of blinking {unknown}
 u - 3 scrolls of enchant armour {unknown}
 w - 2 scrolls of fog {unknown}
 C - a scroll of magic mapping {unknown}
 E - a scroll of fear {unknown}
 G - 2 scrolls of identify
 I - a scroll of noise {unknown}
Potions
 e - 4 potions of haste
 i - 2 potions of lignification
 j - 2 potions of degeneration
 k - 2 potions of heal wounds
 n - a potion of curing {unknown}
 z - a potion of might {unknown}
 B - a potion of agility
 L - a potion of magic {unknown}
Comestibles
 b - 13 rations


   Skills:
 - Level 5.4 Fighting
 - Level 6.0 Short Blades
 - Level 2.0 Dodging
 - Level 2.6 Stealth
 - Level 7.2 Shields
 - Level 10.0 Spellcasting
 - Level 5.5 Conjurations
 * Level 7.8 Fire Magic


You had 15 spell levels left.
You knew the following spells:

 Your Spells              Type           Power        Failure   Level  Hunger
a - Flame Tongue          Conj/Fire      #####        1%          1    None
b - Throw Flame           Conj/Fire      ######       1%          2    None
c - Conjure Flame         Conj/Fire      ######..     1%          3    None
d - Sticky Flame          Conj/Fire      ######..     1%          4    ##.....
e - Fireball              Conj/Fire      ######....   1%          5    ####...

Your spell library contained the following spells:

 Spells                   Type           Power        Failure   Level  Hunger
 Searing Ray              Conj           ####..       1%          2    None
 Inner Flame              Hex/Fire       #####...     1%          3    None


Dungeon Overview and Level Annotations

Branches:
Dungeon (9/15)             Temple (0/1) D:6            Lair (0/6) D:8
    Orc: D:9-12

Altars:
Dithmenos
Elyvilon
Kikubaaqudgha
Nemelex Xobeh
Okawaru
Trog
Uskayaw
Vehumet
Yredelemnul
The Shining One

Shops:
D:7 (*((

Annotations:
D:6 2 transporters, Menkaure


Innate Abilities, Weirdness & Mutations

You cannot wear most types of armour.
You are very stealthy in the water. (Stealth+)
You are amphibious.
You can wear up to eight rings at the same time.
You can use your tentacles to constrict eight enemies at once.
Your skin changes colour to match your surroundings (Stealth+).
Your rubbery body absorbs attacks. (AC +1, EV +1)


Message History

The death yak burns!
The death yak is engulfed in blazing flames.
The death yak gores you!
Unknown command.
Unknown command.
The death yak burns!
The death yak is engulfed in blazing flames.
The death yak burns!
The death yak burns!
The death yak burns!
The death yak stops burning.
Casting: Sticky Flame (safe; 1% risk of failure)
Confirm with . or Enter, or press ? or * to list all spells.
Aiming: Sticky Flame (safe; 1% risk of failure)
Press: ? - help, Shift-Dir - straight line, f/p - death yak
Aim: a death yak (heavily wounded)
You feel a surge of power!
The sticky flame hits the death yak!
The death yak is heavily wounded.
The death yak is covered in liquid flames!
The death yak burns!
The death yak gores you!!
You die...

.......####......##..#..#.####...
..............#..##.......#####..
....#...........................#
....#........##......<>....######
...(..........#.......[..####
.[<.#.........#.............#####
.......##.......#........##.....#
....#.........................#.#
....##..........@.#.....(.....#.#
.........#.....Y###...........#.#
...####.........#.............#..
..... #..........#.#####.....#..
##..... ........#.....###.....#.#
# .._.. #.........#.#..†.........
..... #.......###.####...#.....
.... #......## #.# ##...#....
....#..####.## ##....#..


You could see a death yak (burning).

Vanquished Creatures
  A two-headed ogre (D:8)
  6 death yaks
  Pikel (D:4)
  A kobold demonologist (D:8)
  Sigmund (D:5)
  Eustachio (D:5)
  4 yaks (D:9)
  4 hogs (D:7)
  A human (D:7)
  Duvessa (D:5)
  4 ice beasts
  2 sky beasts
  2 orc warriors
  2 ogres (D:7)
  4 centaurs
  4 big kobolds (D:8)
  Blork the orc (D:6)
  6 bullfrogs
  Dowan (D:5)
  A wyvern skeleton (D:9)
  A scorpion (D:8)
  2 howler monkeys (D:7)
  4 crimson imps
  2 quasits
  A bullfrog zombie (D:7)
  2 orc priests (D:8)
  2 hounds (D:6)
  A jelly (D:6)
  An iguana (D:9)
  Ijyb (D:4)
  7 orc wizards
  2 worker ants
  A worker ant zombie (D:6)
  A howler monkey skeleton (D:6)
  7 gnolls
  9 adders
  3 shadow imps
  An adder skeleton (D:4)
  3 worms
  5 dart slugs
  7 leopard geckos
  28 orcs
  7 bats
  4 giant cockroaches
  13 hobgoblins
  13 jackals
  4 quokkas
  A ball python (D:7)
  6 frilled lizards
  8 goblins
  A jackal skeleton (D:6)
  11 kobolds
  2 leopard gecko skeletons
  A quokka zombie (D:6)
  6 rats
216 creatures vanquished.

Notes
Turn   | Place    | Note
-------+----------+-------------------------------------------
     0 | D:1      | gruber the Octopode Fire Elementalist began the quest for
                  | the Orb.
     0 | D:1      | Reached XP level 1. HP: 11/11 MP: 3/3
   151 | D:1      | Reached XP level 2. HP: 13/17 MP: 3/5
   330 | D:1      | Reached XP level 3. HP: 18/21 MP: 6/6
  1217 | D:2      | Learned a level 2 spell: Throw Flame
  1221 | D:2      | Learned a level 3 spell: Conjure Flame
  1260 | D:2      | Reached XP level 4. HP: 26/27 MP: 7/7
  1373 | D:2      | Found a white marble altar of Elyvilon.
  1918 | D:3      | Found a faded altar of an unknown god.
  2060 | D:3      | Reached XP level 5. HP: 24/31 MP: 7/9
  2976 | D:4      | Noticed Ijyb
  3059 | D:4      | Found an iron altar of Okawaru.
  3063 | D:4      | Found a radiant altar of Vehumet.
  3068 | D:4      | Found a sparkling altar of Nemelex Xobeh.
  3151 | D:4      | Became a worshipper of Vehumet
  3234 | D:4      | Killed Ijyb
  3327 | D:4      | Reached skill level 3 in Spellcasting
  3364 | D:4      | Learned a level 4 spell: Sticky Flame
  3369 | D:4      | Reached skill level 5 in Fire Magic
  3478 | D:4      | Noticed an ice beast
  3488 | D:4      | Killed an ice beast
  3488 | D:4      | Reached XP level 6. HP: 22/36 MP: 1/11
  3962 | D:4      | Noticed a slave
  3963 | D:4      | Noticed a slave
  4110 | D:4      | Noticed Pikel
  4131 | D:4      | Noticed a slave
  4135 | D:4      | Noticed a slave
  4145 | D:4      | Killed Pikel
  4145 | D:4      | Reached skill level 4 in Spellcasting
  4145 | D:4      | Reached XP level 7. HP: 31/41 MP: 9/13
  4218 | D:5      | Entered Level 5 of the Dungeon
  4288 | D:5      | Noticed Eustachio
  4305 | D:5      | Killed Eustachio
  4305 | D:5      | Reached XP level 8. HP: 27/46 MP: 14/14
  4498 | D:5      | Reached skill level 5 in Conjurations
  4554 | D:5      | Noticed Sigmund
  4558 | D:5      | Killed Sigmund
  4735 | D:5      | Noticed Duvessa
  4751 | D:5      | Killed Duvessa
  4751 | D:5      | Reached skill level 5 in Spellcasting
  4752 | D:5      | Noticed Dowan
  4913 | D:5      | Killed Dowan
  4913 | D:5      | Reached skill level 1 in Short Blades
  5173 | D:5      | Learned a level 5 spell: Fireball
  5216 | D:6      | Found a transporter.
  5218 | D:6      | Found a transporter.
  5220 | D:6      | Noticed a vampire
  5238 | D:6      | Noticed Blork the orc
  5244 | D:6      | Killed Blork the orc
  5416 | D:6      | Found a staircase to the Ecumenical Temple.
  5468 | D:6      | Found a glowing golden altar of the Shining One.
  5493 | D:6      | Found a basalt altar of Yredelemnul.
  5494 | D:6      | Reached * piety under Vehumet
  5494 | D:6      | Offered knowledge of Shock by Vehumet.
  5625 | D:6      | Reached XP level 9. HP: 51/51 MP: 7/16
  5678 | D:6      | Reached skill level 5 in Short Blades
  5952 | D:6      | Got a faintly humming hat
  5958 | D:6      | Identified the cursed +0 hat of Lethargy {rF++ Str+7 Dex-4}
                  | (You found it on level 6 of the Dungeon)
  5992 | D:6      | Noticed Menkaure
  5997 | D:6      | Found an ancient bone altar of Kikubaaqudgha.
  6290 | D:7      | Reached skill level 1 in Shields
  6579 | D:7      | Found Jeahubus's Weapon Boutique.
  6582 | D:7      | Found Naviuvef's Assorted Antiques.
  6582 | D:7      | Found Xulowaurgh's Antique Weapon Boutique.
  6583 | D:7      | Found Doipn's Weapon Boutique.
  6658 | D:7      | Offered knowledge of Freeze by Vehumet.
  6659 | D:7      | Reached ** piety under Vehumet
  6884 | D:7      | Found a bloodstained altar of Trog.
  6988 | D:7      | Reached skill level 5 in Shields
  7008 | D:7      | Reached XP level 10. HP: 50/56 MP: 5/17
  7104 | D:7      | Reached skill level 1 in Fighting
  7613 | D:8      | You fall through a shaft!
  7839 | D:9      | Reached skill level 5 in Fighting
  8024 | D:8      | Found a staircase to the Lair.
  8026 | D:8      | Noticed a death yak
  8026 | D:8      | Noticed a death yak
  8026 | D:8      | Noticed a death yak
  8026 | D:8      | Noticed a death yak
  8027 | D:8      | Noticed a two-headed ogre
  8039 | D:8      | Noticed a death yak
  8041 | D:8      | Noticed a death yak
  8044 | D:8      | Killed a death yak
  8044 | D:8      | Reached skill level 6 in Spellcasting
  8044 | D:8      | Noticed a death yak
  8048 | D:8      | Killed a death yak
  8048 | D:8      | Reached skill level 7 in Spellcasting
  8247 | D:8      | Offered knowledge of Searing Ray by Vehumet.
  8716 | D:8      | Killed a two-headed ogre
  8716 | D:8      | Reached skill level 8 in Spellcasting
  8716 | D:8      | Reached XP level 11. HP: 43/72 MP: 5/23
  8718 | D:8      | Found a hide-covered altar of Uskayaw.
  8732 | D:8      | Found a shadowy altar of Dithmenos.
  8908 | D:8      | Reached *** piety under Vehumet
  9004 | D:8      | Killed a death yak
  9004 | D:8      | Reached skill level 9 in Spellcasting
  9017 | D:8      | Killed a death yak
  9062 | D:8      | HP: 2/72 [death yak (27)]
  9089 | D:7      | HP: 1/72 [death yak (20)]
  9114 | D:7      | Killed a death yak
  9114 | D:7      | Reached skill level 10 in Spellcasting
  9622 | D:8      | Killed a death yak
  9634 | D:8      | Slain by a death yak

Levels and vault maps discovered:
D:1:      evilmike_arrival_hilbert_curve, layout_basic,
          chequers_decorated_corner
D:2:      layout_loops_ring, nicolae_overflow_hidden_temple, first_ration,
          roderic_serpentine_path, st_stairs_1
D:3:      layout_basic, chequers_ecumenical_altar_simple,
          hangedman_decor_peaks_small
D:4:      layout_basic, minmay_overflow_temple_star_quad, uniq_ijyb, uniq_pikel
D:5:      layout_basic, uniq_duvessa, uniq_sigmund, uniq_eustachio
D:6:      minmay_razor_zed, layout_basic, gammafunk_temple_of_torment,
          minmay_temple_entry_stoned_glass, basic_altar, uniq_blork_the_orc
D:7:      layout_loops_corners, nicolae_overflow_crystal_walls, grunt_livestock,
          minmay_misc_feat_nine_boxes, minmay_shop_grid_forest
D:8:      layout_rooms, eat_drink_and_be_merry_uskayaw, dpeg_lair_monsters,
          serial_glass, glass_columns_c, glass_columns_b, basic_altar,
          special_room [special_room_kobold], tgw_sif
D:9:      layout_basic, kennysheep_mini_moat

Skill      XL: |  1  2  3  4  5  6  7  8  9 10 11 |
---------------+----------------------------------+-----
Fire Magic     | 4 5 6 7 |  7.8
Conjurations   | 2 3 4 5 |  5.5
Spellcasting   | 3 4 5 8 10 | 10.0
Short Blades   | 4 6 |  6.0
Shields        | 7 |  7.2
Fighting       | 5 |  5.4
Dodging        | |  2.0
Stealth        | |  2.6

Action                   |  1- 3 |  4- 6 |  7- 9 | 10-12 || total
-------------------------+-------+-------+-------+-------++-------
Melee: Unarmed           |     8 |       |       |       ||     8
       Constrict         |    17 |    34 |    24 |    14 ||    89
       Tentacles         |    11 |    15 |    13 |    13 ||    52
       Dagger            |    50 |   119 |    23 |       ||   192
       Short sword       |       |       |    91 |    73 ||   164
 Cast: Flame Tongue      |    16 |    17 |    32 |    31 ||    96
       Sticky Flame      |       |     2 |     7 |    22 ||    31
       Throw Flame       |       |     3 |    14 |    17 ||    34
       Fireball          |       |       |     8 |    10 ||    18
       Conjure Flame     |       |       |     2 |     7 ||     9
  Use: Scroll            |       |       |     6 |       ||     6
       Potion            |       |       |       |     2 ||     2
 Stab: Sleeping          |     7 |     7 |     6 |     2 ||    22
  Eat: Chunk             |     1 |     8 |    10 |     7 ||    26
       Ration            |       |       |     1 |     2 ||     3
Armor: Skin              |     3 |    16 |    18 |    13 ||    50
Dodge: Dodged            |    39 |    62 |    55 |    43 ||   199
Block: Buckler           |       |       |     9 |    27 ||    36

Table legend:
 A = Non-vault XP
 B = Vault XP
 C = Vault XP percentage of total XP
 D = Non-vault monster count
 E = Vault monster count
 F = Vault count percentage of total count
                 A         B        C        D         E       F
            +---------+---------+-------+---------+---------+-------
      Total |    5376 |    8698 |  61.8 |     175 |      41 |  19.0
            +---------+---------+-------+---------+---------+-------
        D:1 |      53 |       0 |   0.0 |      29 |       0 |   0.0
        D:2 |      46 |       7 |  13.2 |      17 |       2 |  10.5
        D:3 |      86 |       0 |   0.0 |      25 |       0 |   0.0
        D:4 |     230 |     699 |  75.2 |      17 |       2 |  10.5
        D:5 |     153 |     647 |  80.9 |       6 |       4 |  40.0
        D:6 |     400 |     411 |  50.7 |      20 |      13 |  39.4
        D:7 |    1511 |    1843 |  54.9 |      30 |       6 |  16.7
        D:8 |    1705 |    5091 |  74.9 |      17 |      14 |  45.2
        D:9 |    1192 |       0 |   0.0 |      14 |       0 |   0.0
            +---------+---------+-------+---------+---------+-------
